 Dungeon Crawl Stone Soup version 0.20.1-1-g8b1a95d (webtiles) character file.

11 Folque the Magician (level 2, 0/18 HPs)
             Began as an Octopode Wizard on Nov 4, 2017.
             Succumbed to an adder's poison
             ... on level 1 of the Dungeon.
             The game lasted 00:01:07 (345 turns).

Folque the Magician (Octopode Wizard)                Turns: 345, Time: 00:01:07

Health: 0/18       AC:  1    Str: 11    XL:     2   Next: 29%
Magic:  1/6        EV: 13    Int: 20    God:
Gold:   0          SH:  0    Dex: 10    Spells: 6/7 levels left

rFire    + . .     SeeInvis .   g - +0 club
rCold    + . .     Gourm    .   (no shield)
rNeg     . . .     Faith    .   a - +0 hat
rPois    +         Spirit   .   (no amulet)
rElec    +         Reflect  .   (no ring)
rCorr    +         Harm     .   (no ring)
MR       .....                  (no ring)
Stlth    +++.......             (no ring)
Regen    0.1/turn               (no ring)
MPRegen  0.1/turn               (no ring)
                                (no ring)
                                (no ring)

@: mighty, lethally poisoned (0 -> -3), resistant, very slightly contaminated
A: almost no armour, stealthy swim, amphibious, 8 rings, constrict 8, camouflage
1, gelatinous body 1
a: no special abilities


You were on level 1 of the Dungeon.
You were not hungry.

You visited 1 branch of the dungeon, and saw 1 of its levels.

Inventory:

Hand Weapons
 g - a +0 club (weapon)
Armour
 a - a +0 hat (worn)
Books
 b - a book of Minor Magic

   Spells                             Type                      Level
   a - Magic Dart                     Conjuration                  1
   b - Blink                          Translocation                2
   c - Call Imp                       Summoning                    2
   d - Slow                           Hexes                        2
   e - Conjure Flame                  Conjuration/Fire             3
   f - Mephitic Cloud                 Conjuration/Poison/Air       3
Comestibles
 c - a bread ration
 d - a chunk of flesh
 f - a royal jelly


   Skills:
 * Level 1.4 Fighting
 - Level 2.0 Dodging
 - Level 2.6 Stealth
 + Level 3.2 Spellcasting
 - Level 1.0 Conjurations
   Level 1.0 Summonings
   Level 1.0 Translocations


You had 6 spell levels left.
You knew the following spells:

 Your Spells              Type           Power        Failure   Level  Hunger
a - Magic Dart            Conj           #...         10%         1    None


Dungeon Overview and Level Annotations

Branches:
Dungeon (1/15)

Altars:


Innate Abilities, Weirdness & Mutations

You cannot wear most types of armour.
You are very stealthy in the water. (Stealth+)
You are amphibious.
You can wear up to eight rings at the same time.
You can use your tentacles to constrict eight enemies at once.
Your skin changes colour to match your surroundings (Stealth+).
Your rubbery body absorbs attacks. (AC +1, EV +1)


Message History

You kill the adder!
Your Fighting skill increases to level 1!
You have reached level 2!
* * * LOW HITPOINT WARNING * * *
You feel sick.
It was a potion of might.
You feel very mighty all of a sudden.
It was a potion of resistance.
You feel protected.
* * * LOW HITPOINT WARNING * * *
You feel sick.
You see here an adder corpse.
You butcher the adder corpse.
You see here a chunk of flesh.
d - a chunk of flesh You aren't quite hungry enough to eat that!
As you read the scroll labeled HUUBUSHR DEOSUPP, it crumbles to dust.
It is a scroll of identify.
You don't have any unidentified items.
You die...

P.♣♣♣.≈##.###.##.#
...♣..≈#......##.#
♣≈♣≈≈≈≈##.######.########
#.#######.# #.........
...#......# #.########
##.#.###### #.# #.#.#
#.######### ##.#.#
#.........# .....#
#@#######.# ##.#.# #.#
#.# .....# #.# #.# ##.#.#
#.# #.# #.#.# #.# #.#
#.#.###########.# #.#
#...............# #.#
###.###################.#
#÷##..................#


There were no monsters in sight!

Vanquished Creatures
  An adder (D:1)
  A bat (D:1)
  A kobold (D:1)
  A rat (D:1)
4 creatures vanquished.

Vanquished Creatures (others)
  5 toadstools (D:1)
5 creatures vanquished.

Grand Total: 9 creatures vanquished

Notes
Turn   | Place    | Note
-------+----------+-------------------------------------------
     0 | D:1      | Folque the Octopode Wizard began the quest for the Orb.
     0 | D:1      | Reached XP level 1. HP: 11/11 MP: 4/4
   339 | D:1      | Reached skill level 1 in Fighting
   339 | D:1      | Reached XP level 2. HP: 3/18 MP: 0/6
   345 | D:1      | Succumbed to an adder's poison

Skill      XL: |  1 |
---------------+----+-----
Fighting       | 1 |  1.4
Dodging        | |  2.0
Stealth        | |  2.6
Spellcasting   | |  3.2
Conjurations   | |  1.0
Summonings     | |  1.0
Translocations | |  1.0

Action                   || total
-------------------------++-------
Melee: Club              ||    12
       Constrict         ||     3
       Unarmed           ||     1
       Tentacles         ||     1
 Cast: Magic Dart        ||     6
  Use: Potion            ||     2
       Scroll            ||     1
 Stab: Sleeping          ||     1
Armor: Skin              ||     3
Dodge: Dodged            ||    15
